 Dungeon Crawl Stone Soup version 0.29.1-2-gbd0b4ee654 (webtiles) character file.

Game seed: 10477295878334489367

11 xian the Grave Robber (level 2, 0/19 HPs)
             Began as a Demonspawn Necromancer on Nov 8, 2022.
             Killed from afar by a dart slug (5 damage)
             ... with a slug dart
             ... on level 1 of the Dungeon.
             The game lasted 00:01:01 (178 turns).

xian the Grave Robber (Demonspawn Necromancer)       Turns: 178, Time: 00:01:01

Health: 0/19       AC:  2    Str:  8    XL:     2   Next: 17%
Magic:  1/5        EV: 12    Int: 16    God:
Gold:   0          SH:  0    Dex: 13    Spells: 4/5 levels left

rFire   . . .      SeeInvis .   e - +0 whip
rCold   . . .      Faith    .   (no shield)
rNeg    . . .      Spirit   .   a - +0 robe
rPois   .          Reflect  .   (helmet restricted)
rElec   .          Harm     .   (no cloak)
rCorr   .          Rampage  .   (no gloves)
Will    .....                   (no boots)
Stlth   ++........              (no amulet)
HPRegen 0.06/turn               (no ring)
MPRegen 0.09/turn               (no ring)

@: no status effects
A: antennae 1
a: no special abilities


You were on level 1 of the Dungeon.
You visited 1 branch of the dungeon, and saw 1 of its levels.

Inventory:

Hand Weapons
 e - a +0 whip (weapon)
Armour
 a - a +0 robe (worn)
 c - a +0 pair of gloves
Scrolls
 d - a scroll of teleportation {unknown}
Potions
 b - a potion of magic


   Skills:
 + Level 1.8 Dodging
 + Level 1.9 Stealth
 + Level 2.1 Spellcasting
 + Level 4.8 Necromancy


You had 4 spell levels left.
You knew the following spells:

 Your Spells              Type           Power      Damage    Failure   Level
a - Necrotise             Necr           68%        1d7       2%          1

Your spell library contained the following spells:

 Spells                   Type           Power      Damage    Failure   Level
 Vampiric Draining        Necr           17%        2d7       9%          3
 Animate Dead             Necr           17%        N/A       28%         4
 Ozocubu's Armour         Ice            1%         N/A       52%         3
 Agony                    Necr           17%        N/A       61%         5
 Metabolic Englaciation   Hex/Ice        0%         N/A       99%         5
 Simulacrum               Ice/Necr       4%         N/A       100%        6


Dungeon Overview and Level Annotations

Branches:
Dungeon (1/15)

Altars:


Innate Abilities, Weirdness & Mutations

You have a pair of small antennae on your head.


Message History

Press: ? - help, Shift-Dir - straight line, f/p - gnoll
Aim: a gnoll, wielding a +0 whip (severely wounded, chance to affect: 79%)
The gnoll writhes in agony.
You kill the gnoll!
The dead are walking!
You have reached level 2!
Your demonic ancestry asserts itself...
A pair of antennae grows on your head!
You see here a +0 whip.
You swap places.
You pick up a book of Winter and begin reading...
You add the spells Ozocubu's Armour, Metabolic Englaciation and Simulacrum to your library.
There are no items here.
You swap places.
You see here a +0 whip.
e - a +0 whip
Found a stone staircase leading down.
A giant cockroach comes into view.
Casting: Necrotise (safe; 2% risk of failure)
Confirm with . or Enter, or press ? or * to list all spells.
Aiming: Necrotise (safe; 2% risk of failure)
Press: ? - help, Shift-Dir - straight line, f - giant cockroach
Aim: a giant cockroach (ally target, chance to affect: 87%)
Okay, then.
A hobgoblin and a dart slug come into view.
Found a sling.
The giant cockroach misses you. The giant cockroach bites you.
Really attack while wielding nothing? [Y]es or [N]o only, please.
Really attack while wielding nothing?
Okay, then.
e - a +0 whip (weapon)
You hit the giant cockroach but do no damage.
The giant cockroach bites you.
* * * LOW HITPOINT WARNING * * *
The giant cockroach bites you but does no damage.
You hit the giant cockroach.
The giant cockroach is heavily wounded.
The dart slug launches a dart at you. The slug dart hits you.
You die...

#.# ###### ## #>. ......
#. ..# ##########
#.###.####.........
#.#............####
######.#.#.###......####
.....).#................
....g..#..#.##......####
.......@Z...###.....#.##
w.....B..#### #.#.##...#
........... ...#.#.....
.......#.####.#.........
.......#.. .......#.....
######.#.#####.#####....
#.#.# #. #.... #. .#
#.... ####.


You could see a dart slug, a giant cockroach (ally target), a hobgoblin (asleep)
and a friendly gnoll skeleton.

Vanquished Creatures
  A gnoll (D:1)
  An endoplasm (D:1)
2 creatures vanquished.

Notes
Turn   | Place    | Note
-------+----------+-------------------------------------------
     0 | D:1      | xian the Demonspawn Necromancer began the quest for the
                  | Orb.
     0 | D:1      | Reached XP level 1. HP: 13/13 MP: 3/3
   161 | D:1      | Gained mutation: You have a pair of small antennae on your
                  | head. [demonic ancestry]
   161 | D:1      | Reached XP level 2. HP: 6/19 MP: 0/5
   178 | D:1      | Killed from afar by a dart slug

Illustrated notes

Levels and vault maps discovered:
D:1:      zelgadis_glass_arrival_small, layout_loops_ring

Action                   || total
-------------------------++-------
Melee: Unarmed           ||     2
       Whip              ||     2
 Cast: Necrotise         ||     5
 Stab: Sleeping          ||     2
Armor: Robe              ||     3
Dodge: Dodged            ||     1
